 Dungeon Crawl Stone Soup version 0.30-a0-125-g51eefa89be (webtiles) character file.

Game seed: 17224775914804203726

108 Zonian the Cutter (level 4, 0/33 HPs)
             Began as a Demonspawn Gladiator on Sept 18, 2022.
             Slain by a black bear (1 damage)
             ... on level 3 of the Dungeon.
             The game lasted 00:07:43 (3220 turns).

Zonian the Cutter (Demonspawn Gladiator)            Turns: 3220, Time: 00:07:45

Health: 0/33       AC:  7    Str: 15    XL:     4   Next: 58%
Magic:  4/4        EV: 12    Int:  9    God:
Gold:   140        SH:  0    Dex: 16    Spells: 3/3 levels left

rFire   . . .      SeeInvis .    f - +2 short sword (flame)
rCold   . . .      Faith    .    (no shield)
rNeg    . . .      Spirit   .    b - +0 leather armour
rPois   .          Reflect  .    n - +2 helmet
rElec   .          Harm     .    (no cloak)
rCorr   .          Rampage  .    (no gloves)
Will    .....                    h - +0 pair of boots
Stlth   +.........               l - amulet of regeneration
HPRegen 0.91/turn                (no ring)
MPRegen 0.09/turn                (no ring)

@: studying Necromancy
A: claws 1, spiny 1
a: no special abilities


You were on level 3 of the Dungeon.
You visited 1 branch of the dungeon, and saw 3 of its levels.

You collected 140 gold pieces.

Inventory:

Hand Weapons
 a - a +1 rapier
 f - a +2 short sword of flaming (weapon)
Missiles
 e - a javelin (quivered)
Armour
 b - a +0 leather armour (worn)
 c - a +0 helmet
 h - a +0 pair of boots (worn)
 n - a +2 helmet (worn)
Jewellery
 l - an amulet of regeneration (around neck)
Wands
 m - a wand of acid (7)
 q - a wand of digging (4)
Scrolls
 i - 2 scrolls of enchant armour
 o - a scroll of amnesia
Potions
 j - 2 potions of lignification {unknown}
 k - a potion of mutation {unknown}
 p - a potion of invisibility {unknown}
 r - 2 potions of magic
 s - a potion of brilliance {unknown}


   Skills:
 - Level 2.1 Fighting
 + Level 4.8 Short Blades
 - Level 1.9 Throwing
 - Level 2.7 Dodging


You had 3 spell levels left.
You didn't know any spells.
Your spell library contained the following spells:

 Spells                   Type           Power      Damage    Failure   Level
 Stone Arrow              Conj/Erth      0%         3d7       83%         3
 Animate Armour           Summ/Erth      0%         N/A       99%         4
 Lehudib's Crystal Spear  Conj/Erth      0%         10d2      100%        8


Dungeon Overview and Level Annotations

Branches:
Dungeon (3/15)

Altars:
Fedhas

Shops:
D:1 :


Innate Abilities, Weirdness & Mutations

You have sharp fingernails.
You are partially covered in sharp spines.


Message History

The black bear is heavily wounded.
The black bear barely misses you.
The black bear claws you but does no damage.
The black bear claws you.
You hit the black bear. You burn the black bear.
The black bear is severely wounded.
The black bear misses you. x2; The black bear barely misses you.
You barely miss the black bear.
The black bear is severely wounded.
The black bear bites you! The black bear claws you. The black bear misses you.
You hit the black bear. You burn the black bear.
The black bear is almost dead.
The black bear goes berserk!
You hit the black bear but do no damage.
The black bear is almost dead.
The black bear bites you but does no damage.
The black bear misses you. The black bear barely misses you.
You barely miss the black bear.
The black bear is almost dead.
The black bear bites you.
The black bear claws you but does no damage.
The black bear barely misses you.
You hit the black bear. You burn the black bear.
The black bear is almost dead.
The black bear barely misses you. The black bear claws you. x2
You barely miss the black bear.
The black bear is almost dead.
The black bear is struck by your spines.
The black bear bites you.
* * * LOW HITPOINT WARNING * * *
The black bear claws you but does no damage.
The black bear closely misses you.
You feel better. The black bear bites you!
* * * LOW HITPOINT WARNING * * *
The black bear claws you.
* * * LOW HITPOINT WARNING * * *
The black bear misses you. x2; The black bear claws you.
* * * LOW HITPOINT WARNING * * *
The black bear claws you.
You die...

#.#............)...#.# #.
#.#############..#.#.######.
#.# #........>............
#.# #.#........#.#.....[..
#.#####.#.....h..#.#########
#...).).#........#....)..)..
#######.#........###########
#.########.# #....@h...(#
#.#################### #.#
#..#..)'..##..# #[#
#..#..)#....... #.#
#..#..##.....). #.#
#..#..#####'###
#.######..#...#....#..
#####.........#...#...)#..
#.........<##.#..########.


You could see a black bear (berserk).

Vanquished Creatures
  Robin (D:3)
  3 adders
  3 dart slugs
  2 orcs
  7 endoplasms
  15 goblins
  2 hobgoblins
  2 jackals (D:2)
  7 kobolds
  A quokka (D:3)
  6 ball pythons
  A bat (D:2)
  4 frilled lizards
  5 rats
59 creatures vanquished.

Notes
Turn   | Place    | Note
-------+----------+-------------------------------------------
     0 | D:1      | Zonian the Demonspawn Gladiator began the quest for the
                  | Orb.
     0 | D:1      | Reached XP level 1. HP: 16/16 MP: 1/1
   297 | D:1      | Reached skill level 3 in Short Blades
   304 | D:1      | Gained mutation: You are partially covered in sharp spines.
                  | [demonic ancestry]
   304 | D:1      | Reached XP level 2. HP: 20/22 MP: 2/2
   368 | D:1      | Found a faded altar of an unknown god.
   443 | D:1      | Found Ceggiewo's Book Boutique.
  1193 | D:2      | Reached XP level 3. HP: 27/27 MP: 3/3
  1674 | D:2      | Found a blossoming altar of Fedhas.
  2461 | D:3      | Noticed Robin
  2495 | D:3      | Reached skill level 4 in Short Blades
  2501 | D:3      | Killed Robin
  2834 | D:3      | Gained mutation: You have sharp fingernails. [demonic
                  | ancestry]
  2834 | D:3      | Reached XP level 4. HP: 33/33 MP: 4/4
  2843 | D:3      | Identified a scroll of acquirement
  2843 | D:3      | Acquired a manual of Necromancy
  2862 | D:3      | Noticed a black bear
  3220 | D:3      | HP: 1/33 [black bear (4)]
  3220 | D:3      | Slain by a black bear

Illustrated notes

Levels and vault maps discovered:
D:1:      zaba_arrival_water, layout_basic, serial_shops,
          nicolae_shop_hallway_stairs, basic_ecumenical_altar,
          minmay_indecisive_spiral
D:2:      layout_basic, basic_altar, kennysheep_cross_room
D:3:      minmay_chambers_of_twos, layout_basic, uniq_robin

Skill      XL: |  1  2  3 |
---------------+----------+-----
Short Blades   | 3 4 |  4.8
Fighting       | |  2.1
Throwing       | |  1.9
Dodging        | |  2.7

Action                   |  1- 3 |  4- 6 || total
-------------------------+-------+-------++-------
Melee: Rapier            |    92 |    30 ||   122
       Punch             |     1 |       ||     1
       Short sword       |       |    21 ||    21
Throw: Throwing net      |       |     3 ||     3
  Use: Scroll            |       |     6 ||     6
       Potion            |       |     1 ||     1
 Stab: Sleeping          |     1 |       ||     1
Armor: Leather armour    |    26 |    15 ||    41
Dodge: Dodged            |    46 |    39 ||    85

Table legend: (Time is in decaauts)
 A = Elapsed time spent in this place.
 B = Non-inter-level travel time spent in this place.
 C = Inter-level travel time spent in this place.
 D = Time resting spent in this place.
 E = Time spent auto-exploring this place.
 F = Levels seen in this place.
 G = Mean time per level.
                   A        B        C        D        E       F      G
               +--------+--------+--------+--------+--------+-----+--------+
         Total |   3221 |   3079 |    142 |    515 |   1842 |   3 | 1073.7 |
       Dungeon |   3221 |   3079 |    142 |    515 |   1842 |   3 | 1073.7 |
               +--------+--------+--------+--------+--------+-----+--------+

Top non-repeatable levels by time:
     D:2: 1192 daAuts
     D:3: 1134 daAuts
     D:1: 894 daAuts
